 Dungeon Crawl Stone Soup version 0.30-a0-857-gcaf70739d4 (webtiles) character file.

Game seed: 10587853966355844806

340 cheesebisquit the Cleaver (level 6, -4/51 HPs)
             Began as a Hill Orc Monk on Mar 5, 2023.
             Slain by an ogre
             ... wielding a +0 giant club
              (18 damage)
             ... on level 5 of the Dungeon.
             The game lasted 00:15:47 (4432 turns).

cheesebisquit the Cleaver (Hill Orc Monk)           Turns: 4432, Time: 00:15:48

Health: -4/51      AC:  6    Str: 16    XL:     6   Next: 56%
Magic:  6/6        EV:  8    Int: 10    God:
Gold:   37         SH:  8    Dex: 13    Spells: 5/5 levels left

rFire   . . .      SeeInvis .    m - +0 broad axe
rCold   . . .      Faith    +    g - +1 kite shield
rNeg    + . .      Spirit   .    t - +0 scale mail
rPois   .          Reflect  .    (no helmet)
rElec   .          Rampage  .    b - scarf {shadows}
rCorr   .                        (no gloves)
Will    .....                    (no boots) Stlth
                                 B - amulet of faith
HPRegen 0.28/turn                o - ring of positive energy
MPRegen 0.10/turn                (no ring)

@: invisible
A: no striking features
a: no special abilities


You were on level 5 of the Dungeon.
You visited 2 branches of the dungeon, and saw 6 of its levels.
You also visited: Sewer.

You collected 212 gold pieces.
You spent 175 gold pieces at shops.

Inventory:

Hand Weapons
 m - a +0 broad axe (weapon)
Missiles
 f - 3 boomerangs
 v - 20 stones (quivered)
 w - 16 poisoned darts
 y - 5 javelins
Armour
 b - a scarf of shadows (worn)
 g - a +1 kite shield (worn)
 t - a +0 scale mail (worn)
Jewellery
 o - a ring of positive energy (left hand)
 B - an amulet of faith (around neck)
Scrolls
 a - 3 scrolls of fog
 c - 3 scrolls of teleportation
 j - a scroll of poison {unknown}
 k - 2 scrolls of enchant armour
 n - a scroll of noise {unknown}
 q - a scroll of enchant weapon {unknown}
 r - a scroll of immolation
 C - a scroll of summoning {unknown}
 D - a scroll of blinking {unknown}
Potions
 d - a potion of degeneration
 e - 3 potions of lignification
 h - 2 potions of invisibility
 i - 3 potions of cancellation
 l - 2 potions of flight
 p - 2 potions of might
 s - a potion of attraction {unknown}
 u - a potion of heal wounds {unknown}
 x - 2 potions of mutation {unknown}
 z - a potion of experience {unknown}
 A - a potion of ambrosia


   Skills:
 - Level 3.6 Fighting
 * Level 9.4 Axes
 - Level 2.4 Dodging
 - Level 1.5 Stealth


You had 5 spell levels left.
You didn't know any spells.
Your spell library contained the following spells:

 Spells                   Type           Power      Damage    Failure   Level
 Apportation              Tloc           0%         N/A       99%         1
 Necrotise                Necr           0%         1d4       99%         1
 Summon Small Mammal      Summ           0%         N/A       99%         1
 Inner Flame              Hex/Fire       0%         N/A       100%        3
 Ozocubu's Armour         Ice            0%         N/A       100%        3
 Vampiric Draining        Necr           0%         2d6       100%        3
 Flame Wave               Conj/Fire      0%         2d4       100%        4
 Sticky Flame             Conj/Fire      0%         2d3       100%        4
 Agony                    Necr           0%         N/A       100%        5
 Ozocubu's Refrigeration  Ice            0%         4d7       100%        7


Dungeon Overview and Level Annotations

Branches:
Dungeon (5/15)             Temple (1/1) D:4           Sewer (visited)

Altars:
Ashenzari
Dithmenos
Fedhas
Gozag
Hepliaklqana
Kikubaaqudgha
Nemelex Xobeh
Okawaru
Qazlal
Sif Muna
Trog
Uskayaw
Wu Jian
Xom
Yredelemnul
The Shining One

Shops:
D:3 **


Message History

The goblin hits you with a +0 club.
You slash the goblin!
You kill the goblin!
You now have 37 gold pieces (gained 9).
Things that are here:
a +0 club; a goblin corpse Done exploring.
There is a stone staircase leading down here.
You climb downwards.
The ogre shouts!
There is a stone staircase leading up here.
You throw a stone. The stone hits the ogre.
The ogre is lightly wounded.
You throw a stone. The stone barely misses the ogre.
You throw a stone.
The stone hits the ogre but does no damage.
The ogre is lightly wounded.
You throw a stone. The stone hits the ogre.
The ogre is lightly wounded.
You slash the ogre!
The ogre is moderately wounded.
The ogre hits you with a +0 giant club!
You hit the ogre.
The ogre is heavily wounded.
The ogre barely misses you.
You barely miss the ogre.
The ogre is heavily wounded.
The ogre hits you with a +0 giant club!
You fade into invisibility!
You barely miss the ogre.
The ogre is heavily wounded.
You block the ogre's attack.
You barely miss the ogre.
The ogre is heavily wounded.
The ogre hits you with a +0 giant club.
* * * LOW HITPOINT WARNING * * *
You completely miss the ogre.
The ogre is heavily wounded.
The ogre hits you with a +0 giant club!!
You die...

.##.....
.......
.....
.... #..
#.# #@#
#O# ..#
....
###..
#..#
....


You could see an ogre (unable to see you).

Vanquished Creatures
  2 scorpions
  2 iguanas (D:4)
  5 adders
  An ufetubus (D:4)
  2 worms (D:3)
  11 orcs (D:3)
  8 ball pythons
  13 endoplasms
  8 giant cockroaches
  9 goblins
  8 hobgoblins
  2 jackals (D:1)
  3 quokkas
  7 bats
  3 frilled lizards
  14 kobolds
  9 rats
107 creatures vanquished.

Vanquished Creatures (others)
  5 plants (Sewer)
5 creatures vanquished.

Grand Total: 112 creatures vanquished

Notes
Turn   | Place    | Note
-------+----------+-------------------------------------------
     0 | D:1      | cheesebisquit the Hill Orc Monk began the quest for the
                  | Orb.
     0 | D:1      | Reached XP level 1. HP: 19/19 MP: 1/1
   176 | D:1      | Reached XP level 2. HP: 26/26 MP: 2/2
   249 | D:1      | Reached skill level 5 in Axes
   444 | D:1      | Reached XP level 3. HP: 31/31 MP: 3/3
   614 | D:1      | Reached skill level 6 in Axes
  1400 | D:3      | Noticed a scorpion
  1481 | D:3      | Reached XP level 4. HP: 24/39 MP: 4/4
  1556 | D:3      | Found Nufy's Assorted Antiques.
  1561 | D:3      | Bought a broad axe for 92 gold pieces
  1735 | D:3      | Found Mearit's General Store.
  1743 | D:3      | Bought a scroll of identify for 20 gold pieces
  1914 | D:3      | Reached skill level 7 in Axes
  1986 | D:3      | Found a glowing drain.
  1991 | Sewer    | Entered a sewer
  2358 | Sewer    | Reached XP level 5. HP: 37/45 MP: 5/5
  2693 | D:3      | Reached skill level 8 in Axes
  3141 | D:3      | Bought a potion of might for 40 gold pieces
  3187 | D:4      | Found a hazy altar of Hepliaklqana.
  3363 | D:4      | Reached XP level 6. HP: 33/51 MP: 6/6
  3468 | D:3      | Bought a scroll labelled NITECOSM EQ YRAEMA for 23 gold
                  | pieces
  3669 | D:4      | Found a staircase to the Ecumenical Temple.
  3761 | Temple   | Entered the Ecumenical Temple
  4050 | D:4      | Reached skill level 9 in Axes
  4245 | D:4      | Found an iron altar of Okawaru.
  4421 | D:5      | Entered Level 5 of the Dungeon
  4432 | D:5      | Slain by an ogre

Illustrated notes

Levels and vault maps discovered:
D:1:      erik_arrival_cave_to_civilisation [erik_arrival_cave_to_hall],
          layout_rooms, nrook_mini_vaults, minmay_misc_feat_columns,
          minmay_split_cup_large
D:2:      layout_rooms, due_unseen_surprise
D:3:      layout_loops_ring, portal_sewer_entry_e, serial_shops, shop,
          nicolae_shop_stone, st_stairs_1, amethyst_killhole
D:4:      layout_loops_cross, mainiacjoe_overflow_six_doors_small,
          old_standard_altar, minmay_temple_entry_statues_fountains
D:5:      layout_loops_cross, item_on_display_a
Temple:   minmay_temple_curvy_branch

Skill      XL: |  1  2  3  4  5  6 |
---------------+-------------------+-----
Axes           | 5 6 7 8 9 |  9.4
Fighting       | |  3.6
Dodging        | |  2.4
Stealth        | |  1.5

Action                     |  1- 3 |  4- 6 || total
---------------------------+-------+-------++-------
  Melee: Hand axe          |   161 |       ||   161
         Broad axe         |       |   172 ||   172
  Throw: Stone             |    16 |     6 ||    22
    Use: Scroll            |     7 |     4 ||    11
         Potion            |     2 |     4 ||     6
   Stab: Sleeping          |     2 |       ||     2
 Armour: Robe              |    18 |       ||    18
         Scale mail        |    12 |    51 ||    63
         Leather armour    |     2 |       ||     2
  Dodge: Dodged            |    94 |    39 ||   133
  Block: Kite shield       |    14 |    71 ||    85

Table legend: (Time is in decaauts)
 A = Elapsed time spent in this place.
 B = Non-inter-level travel time spent in this place.
 C = Inter-level travel time spent in this place.
 D = Time resting spent in this place.
 E = Time spent auto-exploring this place.
 F = Levels seen in this place.
 G = Mean time per level.
                   A        B        C        D        E       F      G
               +--------+--------+--------+--------+--------+-----+--------+
         Total |   4542 |   4057 |    485 |    237 |   2850 |   7 |  648.9 |
       Dungeon |   3671 |   3190 |    481 |    137 |   2218 |   5 |  734.2 |
        Temple |    263 |    259 |      4 |      0 |    256 |   1 |  263.0 |
         Sewer |    607 |    607 |      0 |    100 |    375 |   1 |  607.0 |
               +--------+--------+--------+--------+--------+-----+--------+

Top non-repeatable levels by time:
     D:3: 1334 daAuts
     D:1: 951 daAuts
     D:4: 828 daAuts
   Sewer: 607 daAuts
     D:2: 544 daAuts
  Temple: 263 daAuts
     D:5: 13 daAuts
